AoeStats
← shalevwood

Arena

510141568Analyzed
4v4 RM · 3d ago on Sep 29, 2026· 43m 5s· 8 players
Game mode
Random Map
Map size
Large (8 player)
Population
200
Speed
Normal
Resources
Standard
Victory
Conquest
Starting age
Dark Age
Ending age
Imperial Age
RankedLock teamsTeams togetherTeam positionsShared explorationLock speedFull tech treeHidden civsTurbo modeCheats
Victory
Defeat
🇪🇸 Mongols · Spain
1007
+15
🇲🇽 Goths · Mexico
984
+16
🇨🇳 Khitans · China
955
+18
🇪🇸 Italians · Spain
932
+19
🇮🇱 Magyars · Israel
1034
-19
🇫🇷 Portuguese · France
1025
-18
🇬🇧 Danes · United Kingdom
990
-17
🇬🇧 Spanish · United Kingdom
921
-14
owen
11:04 Feudal Age
11:51 Loom
11:59 Double-Bit Axe
16:17 Castle Age
20:44 Bow Saw
22:05 Domestication
25:30 Wheelbarrow
25:51 Gold Mining
25:52 Stone Mining
26:30 Forging
26:26 Scale Barding Armor
26:40 Hand Cart
26:49 Town Watch
28:07 Scale Barding Armor
28:39 Iron Casting
28:10 Scale Barding Armor
28:45 Treadmill Crane
31:37 Imperial Age
30:17 Husbandry
30:39 Chain Barding Armor
31:00 Pastoralism
31:52 Light Cavalry
33:15 Plate Barding Armor
32:51 Ordo Cavalry
33:07 Conscription
32:46 Elite Steppe Lancer
34:09 Hussar
35:10 Scale Mail Armor
35:01 Fletching
36:16 Two-Man Saw
36:07 Chain Mail Armor
36:39 Lamellar Armor
36:32 Bodkin Arrow
39:21 Plate Mail Armor
40:12 Chemistry
39:32 Ballistics
39:23 Masonry
39:06 Pikeman
39:46 Squires
39:31 Gambesons
41:07 Padded Archer Armor
41:28 Ballistics
Bertinos
11:49 Feudal Age
15:30 Castle Age
13:31 Double-Bit Axe
16:53 Bow Saw
17:29 Horse Collar
25:05 Gold Mining
26:02 Scale Mail Armor
26:13 Forging
26:27 Silk Road
27:24 Chain Mail Armor
30:22 Imperial Age
29:07 Iron Casting
30:25 Wheelbarrow
30:33 Squires
33:37 Plate Mail Armor
andertsuiop
11:35 Feudal Age
16:34 Castle Age
14:42 Double-Bit Axe
15:33 Horse Collar
20:18 Wheelbarrow
20:27 Bow Saw
21:19 Heavy Plow
22:05 Loom
22:08 Town Watch
23:00 Hand Cart
23:47 Gold Mining
23:48 Stone Mining
25:51 Fletching
26:02 Padded Archer Armor
26:35 Thumb Ring
27:04 Ballistics
27:08 Bodkin Arrow
27:29 Leather Archer Armor
29:35 Murder Holes
37:05 Fortified Wall
39:38 Bloodlines
39:29 Husbandry
44:38 Imperial Age
glitter
12:33 Feudal Age
14:05 Wheelbarrow
13:19 Double-Bit Axe
13:55 Horse Collar
20:13 Castle Age
18:38 Scale Mail Armor
19:48 Town Watch
21:15 Hand Cart
21:16 Heavy Plow
21:29 Bow Saw
25:28 Loom
25:51 Fletching
27:09 Town Patrol
38:00 Imperial Age
35:15 Pikeman
35:55 Squires
35:16 Man-at-Arms
36:07 Long Swordsman
37:11 Forging
37:17 Chain Mail Armor
36:56 Gold Mining
37:33 Long Swordsman
39:19 Iron Casting
39:22 Conscription
39:04 Perfusion
44:06 Chemistry
43:27 Ballistics
43:19 Masonry
shalevwood
10:12 Feudal Age
10:48 Double-Bit Axe
15:14 Gold Mining
19:10 Castle Age
18:41 Scale Barding Armor
19:18 Horse Collar
20:05 Bow Saw
20:35 Bloodlines
20:35 Light Cavalry
21:35 Heavy Plow
23:15 Wheelbarrow
26:19 Chain Barding Armor
28:14 Husbandry
35:58 Gold Shaft Mining
36:04 Hand Cart
43:51 Imperial Age
41:31 Corvinian Army
Felray
11:52 Feudal Age
13:57 Loom
16:57 Castle Age
14:40 Horse Collar
18:07 Heavy Plow
17:55 Double-Bit Axe
19:59 Gold Mining
20:02 Stone Mining
26:28 Padded Archer Armor
27:36 Wheelbarrow
26:47 Town Watch
29:24 Stone Shaft Mining
29:50 Hand Cart
33:40 Imperial Age
31:49 Leather Archer Armor
32:12 Treadmill Crane
32:32 Murder Holes
32:13 Pikeman
33:12 Arson
33:32 Scale Mail Armor
33:43 Forging
35:29 Chemistry
35:15 Ring Archer Armor
36:25 Crop Rotation
36:08 Bow Saw
37:18 Iron Casting
36:58 Chain Mail Armor
38:05 Bombard Tower
38:20 Fortified Wall
40:01 Ballistics
AgEnT10101
0:28 Loom
10:05 Feudal Age
13:18 Wheelbarrow
18:46 Castle Age
17:13 Scale Mail Armor
17:13 Double-Bit Axe
17:34 Stone Mining
17:34 Horse Collar
19:32 Gold Mining
25:12 Arson
25:28 Squires
26:24 Chain Mail Armor
26:50 Bow Saw
27:40 Heavy Plow
32:32 Imperial Age
30:48 Hand Cart
30:11 Hamask
30:39 Gambesons
31:08 Forging
33:26 Gold Shaft Mining
33:34 Conscription
33:19 Elite Varangian Guard
36:49 Plate Mail Armor
36:54 Iron Casting
39:25 Man-at-Arms
Asturon
8:54 Feudal Age
9:26 Double-Bit Axe
9:48 Horse Collar
17:32 Castle Age
19:02 Bow Saw
18:56 Heavy Plow
19:17 Loom
20:34 Gold Mining
21:55 Stone Mining
22:45 Wheelbarrow
24:21 Hand Cart
31:26 Imperial Age
29:28 Husbandry
29:35 Padded Archer Armor
29:43 Town Watch
30:50 Bloodlines
32:03 Leather Archer Armor
35:09 Conscription
36:35 Ring Archer Armor
35:33 Elite Conquistador
36:52 Ballistics
40:37 Cavalier
Connection lost

Rejoining the realm…

Still unreachable

The connection could not be restored.

Session expired

The server has moved on; the page needs a fresh start.